Map: 紫晶浪漫-天梯版

Players

Cyan - Winner!

  • Race: Protoss Protoss
  • League: Master

JoliwaLoves

  • Race: Protoss Protoss

Event: DreamHack SC2 Masters 2020 Winter

VOD

Have the link to the VOD?

Description

Time

  • Played on: Oct. 29, 2020, 7:40 a.m.
  • Length: 6:32

All games in this series

Show
View Real Time Build Order
Export as new Build Order

Cyan Protoss - Winner!

Build Orders: Oracle Opening 

Get SALT Encoding   

  12  0:00  Probe  
  13  0:12  Probe  
  14  0:17  Pylon  
  14  0:24  Probe (Chrono Boost)  
  15  0:36  Probe (Chrono Boost)  
  15  0:37  Gateway  
  16  0:44  Probe (Chrono Boost)  
  16  0:47  Assimilator  
  17  0:50  Probe  
  18  1:03  Probe (Chrono Boost)  
  19  1:04  Assimilator  
  19  1:12  Gateway  
  19  1:14  Probe (Chrono Boost)  
  20  1:19  Probe (Chrono Boost)  
  21  1:26  Cybernetics Core  
  21  1:29  Probe  
  22  1:34  Pylon  
  22  1:41  Probe  
  23  1:53  Probe  
  24  2:00  Warp Gate (Chrono Boost)  
  24  2:03  Adept x2  
  24  2:05  Probe  
  29  2:12  Pylon  
  29  2:17  Probe  
  30  2:23  Stargate  
  30  2:33  Adept x2  
  34  2:42  Pylon  
  34  3:04  Nexus  
  34  3:08  Oracle  
  37  3:15  Pylon  
  37  3:22  Probe  
  37  3:25  Shield Battery  
  38  3:37  Void Ray (Chrono Boost)  
  38  3:44  Shield Battery  
  40  3:51  Stalker  
  40  3:52  Shield Battery  
  42  3:55  Stalker  
  42  4:01  Probe  
  45  4:04  Pylon  
  45  4:09  Shield Battery  
  45  4:17  Void Ray  
  43  4:18  Probe (Chrono Boost)  
  46  4:28  Probe (Chrono Boost)  
  46  4:30  Probe (Chrono Boost)  
  48  4:37  Probe (Chrono Boost)  
  48  4:38  Probe (Chrono Boost)  
  50  4:42  Probe (Chrono Boost)  
  50  4:44  Probe  
  51  4:50  Stalker x2  
  56  4:54  Probe  
  56  4:56  Probe  
  58  5:00  Gateway  
  58  5:06  Gateway  
  58  5:07  Probe  
  58  5:09  Probe  
  60  5:15  Pylon  
  60  5:17  Sentry x2  
  60  5:19  Probe  
  65  5:24  Pylon  
  65  5:30  Probe  
  65  5:31  Probe  
  67  5:36  Assimilator  
  67  5:38  Assimilator  
  67  5:43  Probe  
  68  5:54  Stalker x3  
  68  5:56  Pylon  
  72  5:59  Stalker  
  72  6:03  Probe  
  75  6:05  Probe  
  73  6:19  Stalker x3  
  73  6:24  Stalker  
Show
View Real Time Build Order
Export as new Build Order

JoliwaLoves Protoss 

Build Orders: Oracle Opening 

Get SALT Encoding   

  12  0:00  Probe  
  13  0:12  Probe  
  14  0:16  Pylon  
  14  0:24  Probe  
  15  0:35  Gateway  
  15  0:37  Probe (Chrono Boost)  
  16  0:47  Assimilator, Probe (Chrono Boost)  
  17  0:52  Probe (Chrono Boost)  
  17  0:55  Assimilator  
  18  1:03  Probe (Chrono Boost)  
  19  1:12  Gateway  
  19  1:13  Probe (Chrono Boost)  
  19  1:18  Probe (Chrono Boost)  
  20  1:23  Cybernetics Core  
  22  1:32  Probe  
  22  1:45  Probe  
  23  2:01  Pylon  
  23  2:06  Stargate  
  23  2:20  Adept  
  23  2:21  Adept  
  27  2:24  Pylon  
  27  2:29  Pylon  
  27  2:35  Warp Gate  
  27  2:39  Probe  
  27  2:44  Void Ray  
  32  3:04  Stalker x2  
  36  3:17  Nexus  
  36  3:29  Pylon  
  36  3:36  Oracle (Chrono Boost)  
  35  3:45  Probe (Chrono Boost)  
  35  4:02  Probe (Chrono Boost)  
  36  4:16  Probe  
  37  4:21  Robotics Facility  
  37  4:28  Probe  
  37  4:31  Gateway  
  38  4:35  Stalker  
  39  4:44  Probe  
  35  4:56  Probe (Chrono Boost)  
  37  5:03  Probe (Chrono Boost)  
  37  5:09  Probe (Chrono Boost)  
  37  5:14  Probe (Chrono Boost)  
  39  5:18  Immortal (Chrono Boost)  
  43  5:27  Shield Battery  
  43  5:42  Sentry  
  45  5:43  Stalker  
  41  5:54  Stalker  
  39  6:17  Stalker  
  39  6:18  Stalker  
Tags
 
Add a new tag
Caveats
  • Supply blocks, unpowered buildings, or Contaminate may cause inaccurate times.
  • Supply counts are checked every 10 seconds.